 Dungeon Crawl Stone Soup version 0.30.1-11-g7821555f0a (webtiles) character file.

Game seed: 1524250848405617252

540 PaiMei the Trooper (level 7, -6/59 (62) HPs)
             Began as a Hill Orc Fighter on Jan 13, 2024.
             Mangled by a two-headed ogre
             ... wielding a +0 giant club
              (17 damage)
             ... on level 4 of the Dungeon.
             The game lasted 00:07:18 (4609 turns).

PaiMei the Trooper (Hill Orc Fighter)               Turns: 4609, Time: 00:07:19

HP:   -6/59 (62)    AC: 11    Str: 21    XL:     7   Next: 26%
MP:   7/7           EV:  9    Int: 13    God:
Gold: 188           SH:  7    Dex: 22    Spells: 6/6 levels left

rFire   . . .        o - +2 hammer of Wico {flame, Int+5}
rCold   . . .        c - +1 buckler
rNeg    . . .        b - +0 scale mail
rPois   .            q - +0 helmet
rElec   .            p - +0 cloak
rCorr   .            i - +0 pair of gloves
SInv    .            (no boots)
Will    .....        (no amulet) Stlth
                     k - +6 ring of dexterity
HPRegen 0.29/turn    m - +6 ring of dexterity
MPRegen 0.10/turn

%: no passive effects
@: lightly drained
A: no striking features
a: no special abilities


You were on level 4 of the Dungeon.
You visited 1 branch of the dungeon, and saw 4 of its levels.

You collected 188 gold pieces.

Inventory:

Hand Weapons
 a - a +0 war axe
 o - the +2 hammer of Wico (weapon) {flame, Int+5}
   (You found it on level 2 of the Dungeon)

   Int:       It affects your intelligence (+5).
 y - a +3 spectral club
Missiles
 f - 17 poisoned darts (quivered)
 A - 5 atropa-tipped darts
Armour
 b - a +0 scale mail (worn)
 c - a +1 buckler (worn)
 i - a +0 pair of gloves (worn)
 p - a +0 cloak (worn)
 q - a +0 helmet (worn)
Jewellery
 k - a +6 ring of dexterity (left hand)
 m - a +6 ring of dexterity (right hand)
 s - a ring of positive energy
 t - a ring of fire
Wands
 w - a wand of quicksilver (20)
 z - a wand of digging (3)
Scrolls
 e - 7 scrolls of identify {unknown}
 g - a scroll of enchant armour
 h - 3 scrolls of magic mapping
 n - 2 scrolls of immolation {unknown}
 C - a scroll of silence {unknown}
Potions
 d - a potion of might
 j - a potion of brilliance {unknown}
 l - 2 potions of heal wounds {unknown}
 r - 2 potions of curing {unknown}
 u - a potion of berserk rage
 v - 2 potions of attraction {unknown}
 x - a potion of degeneration {unknown}
 B - a potion of haste {unknown}


   Skills:
 + Level 5.7 Fighting
 + Level 5.5 Axes
 + Level 5.2 Armour
 + Level 5.2 Shields


You had 6 spell levels left.
You didn't know any spells.
Your spell library was empty.

Dungeon Overview and Level Annotations

Branches:
Dungeon (4/15)
 Temple: D:4-7

Altars:


Message History

Aiming: Dig
Press: ? - help, Shift-Dir - straight line The rock shatters into small pieces.
You block the wight's attack. The wight barely misses you.
The wight hits you with a +0 great sword.
The wight attacks as you move away! The wight misses you.
The steam dragon attacks as you move away!
You block the steam dragon's attack. x2
The wight hits you with a +0 great sword!
The steam dragon breathes steam at you. The ball of steam hits you!
The wight attacks as you move away!
The wight hits you with a +0 great sword!
You feel drained. The wight attacks as you move away!
The wight hits you with a +0 great sword!
* * * LOW HITPOINT WARNING * * *
The steam dragon breathes steam at you. The ball of steam hits you!
* * * LOW HITPOINT WARNING * * *
The two-headed ogre is engulfed in a cloud of scalding steam.
You see here 5 gold pieces.
The steam dragon breathes steam at you. The ball of steam hits you.
* * * LOW HITPOINT WARNING * * *
The two-headed ogre is engulfed in a cloud of scalding steam.
The two-headed ogre is engulfed in a cloud of scalding steam.
The two-headed ogre is engulfed in a cloud of scalding steam.
Okay, then.
As you read the scroll labelled USOISU PALOUWK, it crumbles to dust.
It is a scroll of enchant armour.
Your +0 buckler glows green for a moment.
The steam dragon bites you but does no damage.
The steam dragon claws you but does no damage.
As you read the scroll labelled UQIROFF TETOTZ, it crumbles to dust.
You feel aware of your surroundings.
It was a scroll of magic mapping.
You block the steam dragon's attack.
The steam dragon claws you but does no damage.
The two-headed ogre hits you with a +0 giant club!
You die...

############
#..........## ###
*#..........#####.#
##.D##O##....O....#
#..#§D.#.#..@###.##
#.#.##..##...Dz..#
#.##.###..#..#...#
#
##..#..###:#....##
# ##..##.)##.#.§.#
## #.§..........##
#. #..#####.....#
##. ##..######...#
#.. ##...####D.##
##..


You could see a two-headed ogre, a steam dragon and a wight.

Vanquished Creatures
  Duvessa (D:4)
  A water moccasin zombie (D:3)
  Dowan (D:4)
  A jelly (D:4)
  Crazy Yiuf (D:2)
  Ijyb (D:4)
  An orc wizard (D:2)
  Natasha (twice) (D:2)
  A hound skeleton (D:3)
  A gnoll (D:4)
  2 adders (D:2)
  A shadow imp (D:4)
  An adder zombie (D:3)
  An adder skeleton (D:3)
  5 worms
  2 dart slugs (D:2)
  12 orcs
  6 ball pythons
  2 bats
  9 endoplasms
  4 giant cockroaches
  10 goblins
  9 hobgoblins
  A jackal (D:4)
  A quokka (D:3)
  2 frilled lizards
  9 kobolds
  A quokka zombie (D:3)
  3 rats (D:3)
92 creatures vanquished.

Notes
Turn   | Place    | Note
-------+----------+-------------------------------------------
     0 | D:1      | PaiMei the Hill Orc Fighter began the quest for the Orb.
     0 | D:1      | Reached XP level 1. HP: 19/19 MP: 1/1
   176 | D:1      | Reached XP level 2. HP: 25/27 MP: 2/2
   949 | D:2      | Reached XP level 3. HP: 33/33 MP: 3/3
  1085 | D:2      | Reached XP level 4. HP: 37/40 MP: 4/4
  1587 | D:2      | Noticed Natasha
  1590 | D:2      | Killed Natasha
  1591 | D:2      | Reached XP level 5. HP: 47/47 MP: 5/5
  1623 | D:2      | Found a runed translucent door.
  1624 | D:2      | Noticed Crazy Yiuf
  1632 | D:2      | Killed Crazy Yiuf
  1636 | D:2      | Identified the +2 hammer of Wico {flame, Int+5}
  1751 | D:2      | Noticed Natasha
  1757 | D:2      | Killed Natasha
  2041 | D:3      | Reached skill level 5 in Fighting
  2041 | D:3      | Reached XP level 6. HP: 41/56 MP: 6/6
  2624 | D:4      | Noticed Ijyb
  2630 | D:4      | Killed Ijyb
  3021 | D:4      | Reached skill level 5 in Axes
  3753 | D:4      | Noticed Dowan
  3754 | D:4      | Noticed Duvessa
  4004 | D:4      | Killed Duvessa
  4005 | D:4      | Reached skill level 5 in Armour
  4005 | D:4      | Reached skill level 5 in Shields
  4005 | D:4      | Reached XP level 7. HP: 34/62 MP: 7/7
  4008 | D:4      | Killed Dowan
  4290 | D:4      | Noticed a two-headed ogre
  4536 | D:4      | Noticed a steam dragon
  4609 | D:4      | Mangled by a two-headed ogre

Illustrated notes

Levels and vault maps discovered:
D:1:      onia_arrival_mini_maze, layout_rooms, serial_bayou,
          serial_bayou_pond_e, serial_bayou_shore_a, serial_bayou_ford_a,
          serial_bayou_pond_b
D:2:      layout_basic, st_stairs_12, uniq_natasha, uniq_crazy_yiuf_cottage
D:3:      layout_loops_ring, serial_undead, serial_undead_d, serial_undead_d,
          serial_undead_a, serial_undead_e, serial_undead_a, corner_web_ring,
          st_stairs_5, dreamdust_mushroom_princess
D:4:      kennysheep_spiral_hall, layout_cave_pods, minmay_manual_mess,
          uniq_duvessa, uniq_ijyb

Skill      XL: |  1  2  3  4  5  6 |
---------------+-------------------+-----
Axes           | 3 4 5 |  5.5
Fighting       | 4 5 |  5.7
Armour         | 4 5 |  5.2
Shields        | 4 5 |  5.2

Action                     |  1- 3 |  4- 6 |  7- 9 || total
---------------------------+-------+-------+-------++-------
  Melee: War axe           |    83 |    39 |       ||   122
         Mace              |       |   125 |     9 ||   134
  Evoke: Wand              |       |       |     1 ||     1
    Use: Scroll            |       |       |     2 ||     2
 Armour: Scale mail        |    33 |    82 |    10 ||   125
  Dodge: Dodged            |    35 |    83 |     9 ||   127
  Block: Buckler           |    17 |    71 |     8 ||    96
